[Event "Early-Titled-Tuesday-Blitz-January-23-2024"]
[Site "Chess.com"]
[Date "2024.01.23"]
[Round "4"]
[White "ATM622"]
[Black "AlexTruskavetsky"]
[Result "0-1"]
[WhiteElo "2502"]
[BlackElo "2693"]
[TimeControl "180+1"]
[EndTime "8:35:09 PST"]
[Termination "AlexTruskavetsky won by resignation"]

1. d4 Nf6 2. c4 e6 3. g3 d5 4. Bg2 dxc4 5. Nf3 Nc6 6. O-O a6 7. a4 Rb8 8. a5 b5 9. axb6 cxb6 10.
Bf4 Bd6 11. Bxd6 Qxd6 12. Nc3 b5 13. e4 Nd7 14. e5 Qc7 15. Ne4 O-O 16. Nfg5 h6 17. Qh5 Nxd4 18. f4 Nf5 19. Nf3 Bb7 20. Rfe1 Nc5 21. Nd6 Nxd6 22. exd6 Qxd6 23. Ne5 Bxg2 24.
Kxg2 Qd5+ 25. Kh3 f6 26. Ng6 Qxh5+ 0-1

[Event "Early-Titled-Tuesday-Blitz-January-23-2024"]
[Site "Chess.com"]
[Date "2024.01.23"]
[Round "4"]
[White "eagleclaw07"]
[Black "RCone"]
[Result "1-0"]
[WhiteElo "2632"]
[BlackElo "2427"]
[TimeControl "180+1"]
[EndTime "8:35:20 PST"]
[Termination "eagleclaw07 won by checkmate"]

1. d4 g6 2. e4 d6 3. Nf3 Nf6 4.
Nc3 Bg7 5. Bc4 O-O 6. h3 c6 7. a3 a5 8. O-O b5 9. Bb3 Ba6 10. Re1 b4 11. axb4 axb4 12. Na2 Qb6 13. Bd2 c5 14. e5 Nfd7 15. e6 fxe6 16. Rxe6 c4 17. Ba4 Bxd4 18. Nxb4 Bxf2+ 19. Kh1 Nc5 20. Rxe7 Nxa4 21.
Rxa4 Bb7 22. Bc3 Bxf3 23. Rg7+ Kh8 24. Rxg6+ Rf6 25. Bxf6# 1-0

[Event "Early-Titled-Tuesday-Blitz-January-23-2024"]
[Site "Chess.com"]
[Date "2024.01.23"]
[Round "4"]
[White "sergoy"]
[Black "bubeliang"]
[Result "1-0"]
[WhiteElo "3018"]
[BlackElo "2791"]
[TimeControl "180+1"]
[EndTime "8:35:23 PST"]
[Termination "sergoy won by checkmate"]

1. d4 b6 2. c4 Bb7 3. f3 f5 4. Bg5 g6 5. Nc3 Bg7 6. e4 fxe4 7. fxe4 c5 8. d5 d6 9. Nf3 Nf6 10. Qd2 Nbd7 11. Bh6 O-O 12. Bxg7 Kxg7 13. O-O-O Ne5 14. Be2 Bc8 15. Rdf1 Nxf3 16. gxf3 e5 17. dxe6 Bxe6 18. f4 Qe7 19. h4 Bc8 20. h5 Bb7 21. hxg6 hxg6 22.
f5 Rh8 23. Rhg1 Rh6 24. Qxh6+ Kxh6 25. Rxg6+ Kh7 26. Rh1+ Nh5 27. Rxh5# 1-0

[Event "Early-Titled-Tuesday-Blitz-January-23-2024"]
[Site "Chess.com"]
[Date "2024.01.23"]
[Round "4"]
[White "Alexei_Kornev"]
[Black "sergeikim"]
[Result "1-0"]
[WhiteElo "2720"]
[BlackElo "2524"]
[TimeControl "180+1"]
[EndTime "8:35:32 PST"]
[Termination "Alexei_Kornev won by resignation"]

1. e4 e5 2. Nf3 Nc6 3. Bb5 a6 4.
Ba4 Nf6 5. O-O b5 6. Bb3 Bc5 7. a4 Bb7 8. d3 d6 9. h3 h6 10. Nc3 bxa4 11. Bxa4 O-O 12. Ne2 Bb6 13. Ng3 Ne7 14. Re1 Ng6 15. c3 Rb8 16. d4 Bc8 17.
Be3 exd4 18. cxd4 Bd7 19. Bc2 a5 20. Qd2 Nh7 21. e5 dxe5 22. dxe5 Bxe3 23. Qxe3 Be6 24. Qc3 Ng5 25. Nd4 Nf4 26. Nc6 Qd5 27. Ne7+ 1-0

[Event "Early-Titled-Tuesday-Blitz-January-23-2024"]
[Site "Chess.com"]
[Date "2024.01.23"]
[Round "4"]
[White "colegiodemadrid"]
[Black "PattyCastillo"]
[Result "1-0"]
[WhiteElo "2469"]
[BlackElo "1963"]
[TimeControl "180+1"]
[EndTime "8:35:49 PST"]
[Termination "colegiodemadrid won by resignation"]

1. Nf3 d5 2. c4 c6 3. g3 Nf6 4.
Bg2 e6 5. O-O Nbd7 6. d3 Be7 7.
Nc3 O-O 8. Re1 b6 9. Qc2 Bb7 10.
Bf4 Rc8 11. Rad1 a6 12. e4 dxe4 13. dxe4 c5 14. e5 Nh5 15. Ng5 g6 16. Bxb7 Nxf4 17.
gxf4 Rc7 18. Bg2 Bxg5 19. fxg5 Qxg5 20. Qe4 h5 21. f4 Qg4 22. Qf3 Qf5 23. Bh3 Qc2 24.
Re2 1-0

[Event "Early-Titled-Tuesday-Blitz-January-23-2024"]
[Site "Chess.com"]
[Date "2024.01.23"]
[Round "4"]
[White "leopato"]
[Black "AradNazari"]
[Result "1-0"]
[WhiteElo "2260"]
[BlackElo "2609"]
[TimeControl "180+1"]
[EndTime "8:35:51 PST"]
[Termination "leopato won by checkmate"]

1. e4 g5 2. d4 e6 3. Nc3 b6 4.
Bd3 Bg7 5. Nge2 Bb7 6. Be3 h6 7. Qd2 Nf6 8. f3 d5 9. e5 Nfd7 10. O-O-O a6 11. h4 gxh4 12. f4 c5 13. f5 Qc7 14. fxe6 fxe6 15. Bg6+ Kd8 16. Nf4 Nf8 17. dxc5 bxc5 18. Ncxd5 exd5 19. Nxd5 Qxe5 20. Qa5+ Kd7 21.
Nb6+ Kc6 22. Be4+ Qxe4 23. Qxc5# 1-0

[Event "Early-Titled-Tuesday-Blitz-January-23-2024"]
[Site "Chess.com"]
[Date "2024.01.23"]
[Round "4"]
[White "enriquetejedor"]
[Black "guillembaches"]
[Result "1/2-1/2"]
[WhiteElo "2736"]
[BlackElo "2538"]
[TimeControl "180+1"]
[EndTime "8:36:05 PST"]
[Termination "Game drawn by agreement"]

1. b3 d5 2. Bb2 Bf5 3. d3 e6 4.
Nd2 Nf6 5. Ngf3 h6 6. g3 Bh7 7. Bg2 Nbd7 8. O-O Bc5 9. c4 c6 10. a3 a5 11. Ra2 O-O 12. Qa1 Re8 13. Bc3 Qe7 14. Ne5 Nxe5 15. Bxe5 Bd6 16. Nf3 Bxe5 17. Nxe5 Nd7 18. Rc1 Qd6 19. Nxd7 Qxd7 20. c5 e5 21. b4 axb4 22. axb4 Rxa2 23. Qxa2 e4 24. d4 e3 25. f3 h5 26. h4 Qe7 27. Kh2 g5 28.
hxg5 Qxg5 29. f4 Qf6 30. Bf3 Be4 31. Bxe4 Rxe4 32. Qa8+ Kg7 33. Qxb7 Rxf4 34. gxf4 1/2-1/2

[Event "Early-Titled-Tuesday-Blitz-January-23-2024"]
[Site "Chess.com"]
[Date "2024.01.23"]
[Round "4"]
[White "NovoselovRoman"]
[Black "tolia123"]
[Result "1-0"]
[WhiteElo "2541"]
[BlackElo "2102"]
[TimeControl "180+1"]
[EndTime "8:36:05 PST"]
[Termination "NovoselovRoman won by checkmate"]

1. e4 c5 2. Nc3 g6 3. d3 Bg7 4. Be3 d6 5. Nge2 e6 6. Qd2 Nc6 7.
g3 Nd4 8. Bg2 Ne7 9. O-O-O O-O 10. Bh6 Qa5 11. Bxg7 Kxg7 12. h4 h5 13. g4 Rh8 14. gxh5 Rxh5 15. Ng3 Rh8 16. h5 Bd7 17. hxg6 Nxg6 18. Qg5 b5 19. Nh5+ Kf8 20. Nf4 Rg8 21.
Rh7 Nxf4 22. Qxf4 Be8 23. Qxd6# 1-0

[Event "Early-Titled-Tuesday-Blitz-January-23-2024"]
[Site "Chess.com"]
[Date "2024.01.23"]
[Round "4"]
[White "FMCASTE"]
[Black "hurricane7791"]
[Result "0-1"]
[WhiteElo "2480"]
[BlackElo "2699"]
[TimeControl "180+1"]
[EndTime "8:36:07 PST"]
[Termination "hurricane7791 won by resignation"]

1. d4 Nf6 2. Bf4 g6 3. Nc3 d5 4. e3 Bg7 5. h4 h5 6. Nf3 a6 7. Ne5 c5 8. Qd2 Nc6 9. f3 Bf5 10. Be2 Rc8 11. g4 Be6 12. O-O-O cxd4 13. exd4 b5 14.
Kb1 Qa5 15. Nxc6 Rxc6 16. Nxd5 Qxd2 17. Nxf6+ Bxf6 18. Rxd2 Bd5 19. g5 Bg7 20. Be5 f6 21. gxf6 exf6 22. Bf4 Kf7 23. Rg1 Re8 24. Bd3 f5 25. Be2 Rce6 26. Bd1 Re1 27. Rxe1 Rxe1 28. Bg3 Rh1 29. a4 Bxf3 30. axb5 axb5 31. d5 Rxd1+ 32. Rxd1 Bxd1 33. Kc1 Bf3 34. d6 Ke6 35. Kd2 Bc6 0-1

[Event "Early-Titled-Tuesday-Blitz-January-23-2024"]
[Site "Chess.com"]
[Date "2024.01.23"]
[Round "4"]
[White "PenguinPacks"]
[Black "Yeritsyaan"]
[Result "0-1"]
[WhiteElo "2420"]
[BlackElo "2650"]
[TimeControl "180+1"]
[EndTime "8:36:10 PST"]
[Termination "Yeritsyaan won by checkmate"]

1. d4 Nf6 2. Bf4 g6 3. Nc3 d5 4.
Qd2 Bg7 5. Bh6 Bxh6 6. Qxh6 c5 7. dxc5 Qa5 8. O-O-O Nc6 9. Nf3 Qxc5 10. e3 Bg4 11. Bb5 Rc8 12. Qg5 Bf5 13. Nd4 Ne4 14. Nxe4 Bxe4 15. f3 Bxc2 16. Bxc6+ Rxc6 17. b4 Qc3 18.
Nxc6 Bd3# 0-1

[Event "Early-Titled-Tuesday-Blitz-January-23-2024"]
[Site "Chess.com"]
[Date "2024.01.23"]
[Round "4"]
[White "Doomfist26"]
[Black "1982lf"]
[Result "0-1"]
[WhiteElo "2604"]
[BlackElo "2948"]
[TimeControl "180+1"]
[EndTime "8:36:12 PST"]
[Termination "1982lf won by resignation"]

1. d4 Nf6 2. c4 e6 3. Nf3 d5 4. g3 Be7 5. Bg2 O-O 6. O-O dxc4 7. Qc2 a6 8. a4 Bd7 9. Rd1 Bc6 10. Nc3 Bb4 11. Bg5 Nbd7 12. d5 exd5 13. Nxd5 Bd6 14. Qxc4 Bxd5 15. Rxd5 Nb6 16. Bxf6 Qxf6 17.
Qd3 Nxd5 18. Qxd5 Qxb2 19. Rd1 Qxe2 20. Ng5 h6 21. Ne4 Rad8 22. Qb3 Be5 23. Rc1 Kh8 24. Bf3 Qd3 0-1

[Event "Early-Titled-Tuesday-Blitz-January-23-2024"]
[Site "Chess.com"]
[Date "2024.01.23"]
[Round "4"]
[White "hsd2016"]
[Black "RaugintaBulba"]
[Result "1-0"]
[WhiteElo "2285"]
[BlackElo "2458"]
[TimeControl "180+1"]
[EndTime "8:36:14 PST"]
[Termination "hsd2016 won by checkmate"]

1. e4 c5 2. Nf3 d6 3. d4 cxd4 4. Nxd4 Nf6 5. Nc3 Nc6 6. Bg5 e6 7. Bb5 Bd7 8. Qd2 Qb6 9. O-O-O a6 10. Bxc6 bxc6 11. e5 dxe5 12. Bxf6 gxf6 13. Nf5 Rd8 14.
Ne4 exf5 15. Nxf6+ Ke7 16. Qd6# 1-0

[Event "Early-Titled-Tuesday-Blitz-January-23-2024"]
[Site "Chess.com"]
[Date "2024.01.23"]
[Round "4"]
[White "Hamisandwich"]
[Black "TigrVShlyape"]
[Result "0-1"]
[WhiteElo "2699"]
[BlackElo "2937"]
[TimeControl "180+1"]
[EndTime "8:36:15 PST"]
[Termination "TigrVShlyape won by checkmate"]

1. e4 e5 2. Nf3 Nc6 3. c3 Nf6 4. d3 d6 5. g3 g6 6. Bg2 Bg7 7. b4 O-O 8. O-O a6 9. a4 Qe8 10. Nbd2 Nh5 11. Bb2 b6 12. Nc4 f5 13. exf5 gxf5 14.
b5 axb5 15. axb5 Rxa1 16. Qxa1 Nd8 17. Qa7 Ne6 18. Na3 e4 19. dxe4 fxe4 20. Nd4 Bxd4 21.
cxd4 d5 22. Qa4 Ng5 23. Qb3 Qf7 24. Nc2 Bh3 25. Ne3 Bxg2 26. Kxg2 Qf3+ 27. Kg1 Nh3# 0-1

[Event "Early-Titled-Tuesday-Blitz-January-23-2024"]
[Site "Chess.com"]
[Date "2024.01.23"]
[Round "4"]
[White "JeFumeDesClopes"]
[Black "tsaruk_maks"]
[Result "0-1"]
[WhiteElo "2542"]
[BlackElo "2766"]
[TimeControl "180+1"]
[EndTime "8:36:16 PST"]
[Termination "tsaruk_maks won by resignation"]

1. Nf3 Nf6 2. g3 d5 3. Bg2 c6 4. O-O Bg4 5. d3 Nbd7 6. c4 dxc4 7. dxc4 Bxf3 8. exf3 e6 9. f4 g6 10. Nd2 Bg7 11. Nf3 O-O 12. Re1 Nc5 13. Ne5 Nfd7 14. Qf3 Nxe5 15. fxe5 Nd3 16. Rd1 Nxe5 17. Qe2 Qe7 18.
Bf4 Qc5 19. b4 Qxc4 20. Qxc4 Nxc4 21. Rac1 Nb6 22. b5 Nd5 23. bxc6 bxc6 24. Rxc6 Nxf4 25. gxf4 Rad8 26. Rxd8 Rxd8 27. Rc7 Bd4 28. Bc6 Bb6 29. Rd7 Rc8 30. Bb5 Rc2 31. a4 0-1

[Event "Early-Titled-Tuesday-Blitz-January-23-2024"]
[Site "Chess.com"]
[Date "2024.01.23"]
[Round "4"]
[White "Orphanator2009"]
[Black "Freeeeeeeeeeeeeeeeee"]
[Result "0-1"]
[WhiteElo "2467"]
[BlackElo "2128"]
[TimeControl "180+1"]
[EndTime "8:36:19 PST"]
[Termination "Freeeeeeeeeeeeeeeeee won by resignation"]

1. e4 c5 2. Nf3 d6 3. d4 cxd4 4.
Nxd4 Nf6 5. Nc3 a6 6. f3 e5 7. Nb3 Be7 8. Be3 Be6 9. Qd2 Nbd7 10. O-O-O O-O 11. g4 b5 12. g5 Ne8 13. Nd5 Bxd5 14.
exd5 f5 15. gxf6 Nexf6 16. Na5 Nb8 17. Kb1 Kh8 18. Bg2 Qc7 19. f4 e4 20. Nb3 Nbd7 21.
Nd4 Nc5 22. b4 Na4 23. Ne6 Nc3+ 24. Ka1 Qc4 25. Kb2 Qxb4+ 26. Ka1 Qa3 0-1

[Event "Early-Titled-Tuesday-Blitz-January-23-2024"]
[Site "Chess.com"]
[Date "2024.01.23"]
[Round "4"]
[White "crazy_m_attack"]
[Black "stratacticos"]
[Result "1-0"]
[WhiteElo "2470"]
[BlackElo "2031"]
[TimeControl "180+1"]
[EndTime "8:36:19 PST"]
[Termination "crazy_m_attack won by resignation"]

1. e4 c5 2. Nf3 Nc6 3. d4 cxd4 4.
Nxd4 e5 5. Nb5 a6 6. Nd6+ Bxd6 7. Qxd6 Qf6 8. Qd2 Qg6 9. f3 Nf6 10. Nc3 O-O 11. Bd3 d6 12. O-O h6 13. b3 Be6 14. Qf2 Nd4 15. Be3 Rac8 16. Bxd4 exd4 17. Qxd4 Nh5 18. Ne2 Rfd8 19. f4 f5 20. exf5 Bxf5 21. Qd5+ Qe6 22. Qxf5 Qe3+ 23. Kh1 Nf6 24. Ng3 Rc5 25. Qg6 Re8 26. Nf5 1-0

[Event "Early-Titled-Tuesday-Blitz-January-23-2024"]
[Site "Chess.com"]
[Date "2024.01.23"]
[Round "4"]
[White "BardArtem"]
[Black "annasargsyan_m"]
[Result "1-0"]
[WhiteElo "2819"]
[BlackElo "2562"]
[TimeControl "180+1"]
[EndTime "8:36:21 PST"]
[Termination "BardArtem won by resignation"]

1. e4 c6 2. Nf3 d5 3. exd5 cxd5 4. Ne5 Nf6 5. d4 g6 6. c3 Bg7 7. Bd3 O-O 8. O-O Bf5 9. Re1 Nc6 10. Bf1 Rc8 11. Bf4 Nh5 12. Nxc6 Rxc6 13. Be3 Nf6 14. Nd2 Qb6 15. Qb3 Qc7 16. Nf3 Rb6 17. Qa3 Re8 18. h3 Ne4 19. Nd2 h6 20. Nxe4 Bxe4 21. Rac1 g5 22. c4 Qd7 23. c5 Rg6 24. Qxa7 g4 25. h4 Qf5 26. Qxb7 Bf6 27. c6 g3 28. Qd7 gxf2+ 29. Bxf2 Rc8 30. Rxe4 1-0

[Event "Early-Titled-Tuesday-Blitz-January-23-2024"]
[Site "Chess.com"]
[Date "2024.01.23"]
[Round "4"]
[White "NewYearGirl"]
[Black "MVM2008"]
[Result "1-0"]
[WhiteElo "2380"]
[BlackElo "2548"]
[TimeControl "180+1"]
[EndTime "8:36:23 PST"]
[Termination "NewYearGirl won by resignation"]

1. e4 e5 2. Nf3 Nf6 3. Bc4 Nc6 4. d4 exd4 5. Ng5 d5 6. exd5 Ne5 7. Qe2 Bd6 8. f4 Bg4 9. Nf3 Nd7 10. fxe5 Nxe5 11. Bf4 O-O 12. Bxe5 Bxe5 13. O-O Re8 14. Qf2 d3 15.
Nxe5 Rxe5 16. Qxf7+ Kh8 17. Bxd3 Qd6 18. Nc3 Rae8 19.
Ne4 Qb6+ 20. Kh1 Qd4 21. Qf8+ 1-0

[Event "Early-Titled-Tuesday-Blitz-January-23-2024"]
[Site "Chess.com"]
[Date "2024.01.23"]
[Round "4"]
[White "zurzan"]
[Black "Timerkhanov"]
[Result "0-1"]
[WhiteElo "2020"]
[BlackElo "2672"]
[TimeControl "180+1"]
[EndTime "8:36:26 PST"]
[Termination "Timerkhanov won by resignation"]

1. c4 Nf6 2. g3 c6 3. Nc3 d5 4. cxd5 cxd5 5. d4 Nc6 6. Bg2 a6 7. a3 Bf5 8. Nf3 e6 9. O-O Be7 10. Bf4 O-O 11. Ne5 Rc8 12. Rc1 Na5 13. e4 Nxe4 14.
g4 Nxc3 15. bxc3 Be4 16. f3 Bg6 17. Nxg6 hxg6 18. Re1 Bxa3 19. Ra1 Nc4 20. Qb3 Bd6 21. Bc1 Qc7 22. f4 Bxf4 23. Bxf4 Qxf4 24. Qxb7 Qxg4 25. Qxa6 Rb8 26. Rad1 Rb2 0-1

[Event "Early-Titled-Tuesday-Blitz-January-23-2024"]
[Site "Chess.com"]
[Date "2024.01.23"]
[Round "4"]
[White "Grossboss19"]
[Black "Gabrielian_Artur"]
[Result "1-0"]
[WhiteElo "2573"]
[BlackElo "2780"]
[TimeControl "180+1"]
[EndTime "8:36:28 PST"]
[Termination "Grossboss19 won by resignation"]

1. d4 Nf6 2. c4 c5 3. d5 e6 4.
Nc3 exd5 5. Nxd5 Nxd5 6. Qxd5 d6 7. e4 Nc6 8. Nf3 Be6 9. Qd1 Be7 10. Be2 O-O 11. O-O Bf6 12. Rb1 Re8 13. b3 Bg4 14. Nd2 Bxe2 15. Qxe2 Nd4 16. Qd3 Qe7 17. Bb2 a6 18.
Rfe1 b5 19. Bxd4 Bxd4 20. Nf3 Bf6 21. Rbd1 Red8 22. Qc2 Qe6 23. Rd5 Re8 24. Qd3 bxc4 25. bxc4 Be7 26. Rb1 Bf8 27. Nd2 Rab8 28. Rb3 a5 29.
Rb5 a4 30. Qc2 a3 31. g3 g6 32. Qb3 Bh6 33. Rxb8 Bxd2 34. Rxe8+ Qxe8 35. Rxd2 1-0

[Event "Early-Titled-Tuesday-Blitz-January-23-2024"]
[Site "Chess.com"]
[Date "2024.01.23"]
[Round "4"]
[White "toninhojit"]
[Black "baki83"]
[Result "0-1"]
[WhiteElo "2450"]
[BlackElo "2849"]
[TimeControl "180+1"]
[EndTime "8:36:29 PST"]
[Termination "baki83 won by resignation"]

1. d4 d5 2. c4 dxc4 3. Nf3 Nf6 4.
e3 e6 5. Bxc4 a6 6. b3 c5 7. O-O b5 8. Be2 Bb7 9. Bb2 Nbd7 10.
Ne5 Nxe5 11. dxe5 Qxd1 12. Rxd1 Nd5 13. Nc3 Be7 14. Bf3 O-O-O 15. Rac1 Nxc3 16. Bxb7+ Kxb7 17. Bxc3 Rxd1+ 18. Rxd1 Kc6 19. Kf1 b4 20. Bb2 a5 21.
Ke2 Ra8 22. Kd3 Kb5 23. Kc2 Ra7 24. Rd2 a4 25. Rd3 Rc7 26. Kb1 h5 27. Rd1 g6 28.
Rd2 Rb7 29. Kc2 c4 30. bxc4+ Kxc4 31. Rd4+ Kb5 32. g3 Rc7+ 33. Kd3 a3 34. Ba1 Rc1 35. Rd7 Rd1+ 0-1

[Event "Early-Titled-Tuesday-Blitz-January-23-2024"]
[Site "Chess.com"]
[Date "2024.01.23"]
[Round "4"]
[White "Alexchess1984"]
[Black "ural58"]
[Result "1-0"]
[WhiteElo "2661"]
[BlackElo "2437"]
[TimeControl "180+1"]
[EndTime "8:36:32 PST"]
[Termination "Alexchess1984 won by resignation"]

1. e4 d5 2. exd5 Qxd5 3. Nc3 Qa5 4. d4 Nf6 5. Nf3 Nc6 6. Bb5 Ne4 7. a4 Nxc3 8. bxc3 a6 9. Bxc6+ bxc6 10. O-O Bg4 11. h3 Qxc3 12. hxg4 Qxa1 13. Ne5 Qxa4 14. Qf3 f6 15.
Nxc6 e6 16. d5 Bd6 17. dxe6 O-O 18. Qd5 Kh8 19. c4 Rfe8 20. g5 fxg5 21. Bxg5 Qc2 22. e7 Qg6 23. Bh4 a5 24. c5 Bf4 25. Nd8 h6 26.
Qxa8 1-0

[Event "Early-Titled-Tuesday-Blitz-January-23-2024"]
[Site "Chess.com"]
[Date "2024.01.23"]
[Round "4"]
[White "Shuvalov"]
[Black "ClaudiaSof"]
[Result "1-0"]
[WhiteElo "2460"]
[BlackElo "2259"]
[TimeControl "180+1"]
[EndTime "8:36:36 PST"]
[Termination "Shuvalov won by resignation"]

1. d4 e6 2. e4 b6 3. Bd3 Bb7 4.
Nf3 g6 5. c4 Bg7 6. Nc3 a6 7. h4 h6 8. Be3 Ne7 9. Qd2 d5 10.
O-O-O dxc4 11. Bxc4 b5 12. Bd3 Nd7 13. Kb1 Rc8 14. Bc2 Nb6 15. Qe2 b4 16. Na4 Qd7 17. Nc5 Qc6 18. Ne5 Bxe5 19. dxe5 Rb8 20. f4 Bc8 21. h5 a5 22. hxg6 Nxg6 23. Qd2 Bb7 24. Qd3 a4 25. Rc1 Rd8 26. Qe2 Bc8 27. Bd3 Qa8 28.
Bb5+ Kf8 29. f5 Nxe5 30. Bxh6+ Ke7 31. f6+ Kxf6 32. Qf2+ Ke7 33. Bg5+ 1-0

[Event "Early-Titled-Tuesday-Blitz-January-23-2024"]
[Site "Chess.com"]
[Date "2024.01.23"]
[Round "4"]
[White "Lennis93"]
[Black "Happy1712Drummer"]
[Result "0-1"]
[WhiteElo "2655"]
[BlackElo "2447"]
[TimeControl "180+1"]
[EndTime "8:36:40 PST"]
[Termination "Happy1712Drummer won by resignation"]

1. d4 d5 2. c4 e6 3. cxd5 exd5 4.
Nc3 Nf6 5. Qc2 Be6 6. Bf4 c6 7.
e3 Bd6 8. Bxd6 Qxd6 9. Bd3 O-O 10. Nge2 Nbd7 11. O-O-O a5 12. Kb1 b5 13. f3 a4 14. e4 dxe4 15. fxe4 Ng4 16. e5 Qb4 17. a3 Qa5 18. Bxh7+ Kh8 19. Be4 b4 20. axb4 Qxb4 21. Rd2 a3 22. Rf1 Rfb8 23. Qd3 axb2 24.
Qh3+ Nh6 25. Qf3 Ra1+ 26. Kc2 Qb3+ 27. Kd3 b1=Q+ 28. Rxb1 Rxb1 29. h3 Bc4+ 30. Ke3 Bxe2 31. Kxe2 Rb2 32. Bxc6 Rxd2+ 33. Kxd2 Qb2+ 34. Kd3 Rb3 35. Kc4 Nb6+ 36. Kc5 Rxc3+ 37. Qxc3 Qxc3+ 38. Kxb6 Qxd4+ 0-1

[Event "Early-Titled-Tuesday-Blitz-January-23-2024"]
[Site "Chess.com"]
[Date "2024.01.23"]
[Round "4"]
[White "MightyGMpretender"]
[Black "Airquake"]
[Result "1-0"]
[WhiteElo "2749"]
[BlackElo "2533"]
[TimeControl "180+1"]
[EndTime "8:36:41 PST"]
[Termination "MightyGMpretender won by resignation"]

1. d4 e6 2. c4 d5 3. Nc3 Nf6 4.
cxd5 exd5 5. Bg5 Nbd7 6. e3 h6 7. Bh4 Be7 8. Bd3 O-O 9. Nf3 b6 10. O-O Bb7 11. Rc1 c5 12. Re1 Ne4 13. Bxe7 Qxe7 14. dxc5 Nxc3 15. Rxc3 bxc5 16. Bf5 Nf6 17. Qc2 g6 18. Bd3 Rac8 19. Rc1 c4 20. Be2 Ne4 21.
Ra3 Rfe8 22. Nd4 a6 23. Bf3 Nc5 24. Rc3 Nd3 25. Rd1 Qb4 26. Qd2 Ba8 27. Rxd3 cxd3 28. Qxb4 1-0

[Event "Early-Titled-Tuesday-Blitz-January-23-2024"]
[Site "Chess.com"]
[Date "2024.01.23"]
[Round "4"]
[White "Philosopherrr"]
[Black "Sanyura"]
[Result "0-1"]
[WhiteElo "2434"]
[BlackElo "2616"]
[TimeControl "180+1"]
[EndTime "8:36:42 PST"]
[Termination "Sanyura won on time"]

1. e4 c5 2. Nf3 e6 3. d4 cxd4 4.
Nxd4 Nf6 5. Nc3 Nc6 6. Nxc6 bxc6 7. Bd3 d5 8. O-O Be7 9. Qf3 O-O 10. b3 a5 11. Bb2 Ba6 12. Rad1 Qb6 13. Rfe1 Bxd3 14. cxd3 a4 15. Nxa4 Qb4 16. Bc3 Qb5 17. Rc1 Rfd8 18. Bxf6 Bxf6 19. Rc5 Qb4 20. Rec1 Bg5 21. R1c3 Rxa4 22. Qg3 Rxa2 23. h4 Bf6 24. e5 Bxh4 25.
Qf3 Bxf2+ 26. Qxf2 Rxf2 27. Rxc6 Qd4 0-1

[Event "Early-Titled-Tuesday-Blitz-January-23-2024"]
[Site "Chess.com"]
[Date "2024.01.23"]
[Round "4"]
[White "Msb2"]
[Black "maciek_92"]
[Result "1-0"]
[WhiteElo "3060"]
[BlackElo "2830"]
[TimeControl "180+1"]
[EndTime "8:36:44 PST"]
[Termination "Msb2 won by resignation"]

1. d4 Nf6 2. c4 e6 3. Nc3 Bb4 4. e3 O-O 5. Bd2 d5 6. Nf3 b6 7.
cxd5 exd5 8. Rc1 a6 9. Bd3 Re8 10. Ne5 Bb7 11. O-O Bd6 12. f4 c5 13. Be1 c4 14. Bb1 b5 15. a3 Ne4 16. Qf3 f5 17. g4 Nd7 18. gxf5 Ndf6 19. Bh4 Nd2 20. Qg2 Nxf1 21. Rxf1 Be7 22. Kh1 Qd6 23. Rg1 Bf8 24.
Bxf6 Qxf6 25. Nxd5 Qh6 26. Be4 Rad8 27. f6 Re6 28.
Ne7+ Rxe7 29. fxe7 Bxe4 1-0

[Event "Early-Titled-Tuesday-Blitz-January-23-2024"]
[Site "Chess.com"]
[Date "2024.01.23"]
[Round "4"]
[White "tarno17"]
[Black "diamonds13"]
[Result "1-0"]
[WhiteElo "2090"]
[BlackElo "2338"]
[TimeControl "180+1"]
[EndTime "8:36:44 PST"]
[Termination "tarno17 won by resignation"]

1. e4 c5 2. Nf3 e6 3. Nc3 Nc6 4. d3 Nf6 5. g3 d5 6. exd5 exd5 7. Bg2 Be7 8. O-O Bg4 9. h3 Be6 10. d4 O-O 11. Be3 c4 12. Ne2 h6 13. Nf4 Bf5 14.
g4 Be4 15. c3 Qd7 16. Qd2 Bd6 17. Rad1 Nxg4 18. hxg4 Qxg4 19. Ne1 g5 20. f3 Qh4 21. fxe4 gxf4 22. Bxf4 Bxf4 23. Qxf4 Qxf4 24. Rxf4 dxe4 25. Bxe4 f5 26. Bd5+ Kg7 27. Bxc4 Rad8 28. Nf3 Kf6 29. Kf2 Ne7 30. Ne5 Rg8 31. Bxg8 Rxg8 32. Rg1 Rg5 33. Rxg5 hxg5 34. Rf3 g4 35. Nxg4+ Kg5 36. Ne5 1-0

[Event "Early-Titled-Tuesday-Blitz-January-23-2024"]
[Site "Chess.com"]
[Date "2024.01.23"]
[Round "4"]
[White "JoliyRoger"]
[Black "CaspiIsrael"]
[Result "0-1"]
[WhiteElo "2462"]
[BlackElo "2686"]
[TimeControl "180+1"]
[EndTime "8:36:45 PST"]
[Termination "CaspiIsrael won by resignation"]

1. d4 f5 2. Nf3 Nf6 3. Bg5 Ne4 4. Bf4 e6 5. Nbd2 Nf6 6. e3 b6 7.
Bd3 Bb7 8. Qe2 d5 9. c4 Bd6 10. Ne5 O-O 11. Ndf3 Bb4+ 12. Kf1 Bd6 13. Rc1 Nbd7 14.
Bg5 Rc8 15. cxd5 Bxd5 16. Nc6 Qe8 17. Nxa7 Ra8 18. Nb5 Rxa2 19. Nc3 Ra5 20. Bb5 Bb7 21. Bxf6 Rxf6 22. Ne5 Bxe5 23. dxe5 Rg6 24. f3 c6 25. Ba4 Ba6 0-1

[Event "Early-Titled-Tuesday-Blitz-January-23-2024"]
[Site "Chess.com"]
[Date "2024.01.23"]
[Round "4"]
[White "ferdipy"]
[Black "ama18"]
[Result "0-1"]
[WhiteElo "2297"]
[BlackElo "2523"]
[TimeControl "180+1"]
[EndTime "8:36:46 PST"]
[Termination "ama18 won on time"]

1. e4 c5 2. Nf3 d6 3. d4 cxd4 4. Nxd4 Nf6 5. Nc3 a6 6. h3 Bd7 7. g4 g6 8. Bg2 Nc6 9. O-O Bg7 10. Be3 Rc8 11. Nd5 O-O 12. Nxc6 Bxc6 13. Nb6 Rb8 14. Qd3 Nd7 15. Nxd7 Qxd7 16. c3 b5 17. Rad1 b4 18. Rd2 bxc3 19. bxc3 Rfc8 20. Bd4 Bb5 21. Qg3 Bxf1 22.
Bxf1 Rb1 23. Kg2 Qe6 24. Bd3 Re1 25. f4 Ra1 26. f5 Qd7 27. Bxa6 Bxd4 0-1

[Event "Early-Titled-Tuesday-Blitz-January-23-2024"]
[Site "Chess.com"]
[Date "2024.01.23"]
[Round "4"]
[White "AlexPapasimakopoulos"]
[Black "artooon"]
[Result "0-1"]
[WhiteElo "2713"]
[BlackElo "2967"]
[TimeControl "180+1"]
[EndTime "8:36:47 PST"]
[Termination "artooon won by resignation"]

1. d4 Nf6 2. c4 b6 3. f3 Nc6 4.
d5 Ne5 5. e4 e6 6. Be3 Bb4+ 7. Nc3 O-O 8. Rc1 c5 9. h3 Ba6 10. a3 Ba5 11. b3 Re8 12. Ne2 exd5 13. cxd5 Nd3+ 14. Kd2 Nxe4+ 15. fxe4 Rxe4 16. Bg1 Nxc1 17. Kxc1 Bxe2 18. Nxe2 Qf6 19. Kb1 Rae8 20. h4 Qf5 21.
Ng3 Re1+ 22. Nxf5 Rxd1+ 23. Kc2 Rxf1 24. Ng3 Ra1 25. Bf2 Ra2+ 0-1

[Event "Early-Titled-Tuesday-Blitz-January-23-2024"]
[Site "Chess.com"]
[Date "2024.01.23"]
[Round "4"]
[White "AnaKuchava"]
[Black "rikchessmx"]
[Result "0-1"]
[WhiteElo "2214"]
[BlackElo "2373"]
[TimeControl "180+1"]
[EndTime "8:36:47 PST"]
[Termination "rikchessmx won by resignation"]

1. d4 Nf6 2. Nf3 e6 3. c4 c5 4. d5 b5 5. cxb5 exd5 6. Nc3 Bb7 7.
Bg5 d4 8. Nb1 d5 9. g3 Be7 10.
Bg2 O-O 11. O-O h6 12. Bxf6 Bxf6 13. Nbd2 a6 14. bxa6 Nxa6 15. Nb3 Qb6 16. Rc1 Rfe8 17. Qd2 Rac8 18. Rfd1 Nb4 19. a3 Na2 20. Na5 Nxc1 21. Rxc1 Ba6 22. b4 Rxe2 23. Qf4 c4 24. Bf1 Ra2 0-1